 Dungeon Crawl Stone Soup version 0.18-a0-1577-gf591c28 (webtiles) character file.

231 namelastname112 the Slasher (level 5, -6/69 HPs)
             Began as a Draconian Gladiator on Mar 19, 2016.
             Mangled by an ogre
             ... wielding a +0 giant club
              (7 damage)
             ... on level 4 of the Dungeon.
             The game lasted 00:03:37 (2189 turns).

namelastname112 the Slasher (Draconian Gladiator)   Turns: 2189, Time: 00:03:37

Health: -6/69      AC: 22    Str: 18    XL:     5   Next: 72%
Magic:  5/5        EV:  2    Int:  8    God:
Gold:   84         SH:  0    Dex: 12    Spells: 0 memorised, 4 levels left

rFire  . . .     SeeInvis .     (no weapon)
rCold  . . .     Gourm    .     (armour unavailable)
rNeg   + + +     Faith    .     (no shield)
rPois  +         Spirit   .     (helmet currently unavailable)
rElec  .         Dismiss  .     (cloak currently unavailable)
rCorr  .         Reflect  .     (gloves currently unavailable)
SustAt .         Harm     .     (boots currently unavailable)
MR     .....     NoTele   +     (no amulet)
Stlth  ..........               t - ring of loudness (curse)
                                v - ring of poison resistance

@: tree-form, not resistant to hostile enchantments, extremely unstealthy
A: unfitting armour, (cold-blooded), AC +5
a: no special abilities


You were on level 4 of the Dungeon.
You were not hungry.
You were a tree.
You visited 1 branch of the dungeon, and saw 4 of its levels.

You collected 84 gold pieces.

Inventory:

Hand Weapons
 a - a +0 long sword
Missiles
 c - 3 throwing nets (quivered)
Armour
 b - a +0 hat (melded)
 x - a +0 cloak (melded)
Jewellery
 g - an uncursed ring of positive energy
 q - an uncursed ring of flight
 t - a cursed ring of loudness (right branch)
 v - a ring of poison resistance (left branch)
Scrolls
 f - 3 scrolls of teleportation {unknown}
 h - a scroll of enchant armour {unknown}
 l - a scroll of identify {unknown}
 m - 3 scrolls of blinking {unknown}
 n - a scroll of fear {unknown}
 p - a scroll of fog {unknown}
 r - a scroll of magic mapping {unknown}
Potions
 j - 3 potions of brilliance
 k - a potion of haste
 s - a potion of cancellation
Books
 e - a book of Power

   Spells                             Type                      Level
   a - Fulminant Prism                Conjuration/Hexes            4
   b - Iskenderun's Mystic Blast      Conjuration                  4
   c - Venom Bolt                     Conjuration/Poison           5
   d - Bolt of Magma                  Conjuration/Fire/Earth       5
   e - Iron Shot                      Conjuration/Earth            6
   f - Orb of Destruction             Conjuration                  7
   g - Spellforged Servitor           Conjuration/Summoning        7
 u - a book of Minor Magic

   Spells                             Type                      Level
   a - Magic Dart                     Conjuration                  1
   b - Blink                          Translocation                2
   c - Call Imp                       Summoning                    2
   d - Repel Missiles                 Charms/Air                   2
   e - Slow                           Hexes                        2
   f - Conjure Flame                  Conjuration/Fire             3
   g - Mephitic Cloud                 Conjuration/Poison/Air       3
Comestibles
 d - 2 bread rations
 i - 2 fruits
 o - 2 slices of pizza


   Skills:
 + Level 3.8 Fighting
 * Level 4.8 Long Blades
 + Level 2.6 Throwing
 + Level 3.3 Dodging


You had 4 spell levels left.
You didn't know any spells.

Dungeon Overview and Level Annotations

Branches:
Dungeon (4/15)
 Temple: D:4-7

Altars:

Annotations:
D:3 namelastname112's ghost, amateur DrGl


Innate Abilities, Weirdness & Mutations

((Your plain brown scales are hard (AC +5).))
Your body does not fit into most forms of armour.
((You are cold-blooded and may be slowed by cold attacks.))


Message History

Your +0 cloak melds into your body.
Your +0 hat melds into your body.
Your roots penetrate the ground.
You barely miss the ogre.
The ogre is heavily wounded.
The ogre hits you but does no damage.
You barely miss the ogre.
The ogre is heavily wounded.
You hear the slow rusting of a very distant drain.
The ogre hits you but does no damage.
Wield which item (- for none, * to show all)? (? for menu, Esc to quit)
You are now empty-handed.
Really attack barehanded?
You hit the ogre but do no damage.
The ogre is heavily wounded.
The ogre hits you with a giant club.
* * * LOW HITPOINT WARNING * * *
You smack the ogre!
The ogre is almost dead.
The ogre hits you with a giant club!
You die...

.. #......#
...####†####+###
...............#
...............#
...............#
........)......#
...............##+#####
#########O###.........#
#.....♣...#...<.....#
#.........#.........#
#.........#...†.....#
###########.........#
###########


You could see an ogre.

Vanquished Creatures
  Sigmund (D:3)
  2 oozes
  A worm (D:2)
  A dart slug (D:1)
  A giant gecko (D:2)
  5 bats
  3 giant cockroaches (D:1)
  4 goblins
  6 hobgoblins
  12 jackals
  A quokka (D:3)
  7 giant newts
  7 kobolds
  6 rats
57 creatures vanquished.

Notes
Turn   | Place    | Note
--------------------------------------------------------------
     0 | D:1      | namelastname112 the Draconian Gladiator began the quest for the Orb.
     0 | D:1      | Reached XP level 1. HP: 17/17 MP: 1/1
   105 | D:1      | Reached XP level 2. HP: 23/25 MP: 2/2
   308 | D:1      | Reached XP level 3. HP: 28/30 MP: 3/3
   823 | D:2      | Reached skill level 4 in Long Blades
  1375 | D:2      | Reached XP level 4. HP: 34/38 MP: 4/4
  1423 | D:3      | Noticed Sigmund
  1460 | D:3      | Killed Sigmund
  1460 | D:3      | Reached XP level 5. HP: 43/46 MP: 5/5
  1558 | D:3      | Noticed namelastname112's ghost (amateur DrGl)
  1562 | D:3      | epen: lol
  1562 | D:3      | epen: ахвзхвзавхза
  1664 | D:2      | epen: АААААААА
  1700 | D:2      | epen: Это он?
  1856 | D:2      | namelastname112: нет
  1856 | D:2      | namelastname112: другой
  1875 | D:3      | epen: а жаль
  1882 | D:3      | epen: было бы забавно
  2167 | D:4      | Noticed an ogre
  2176 | D:4      | HP: 1/46 [ogre/giant club (26)]
  2188 | D:4      | HP: 1/69 [ogre/giant club (3)]
  2189 | D:4      | Mangled by an ogre

Vault maps used:
D:1:      onia_arrival_larder
D:2:      kennysheep_generic_room_15
D:3:      lemuel_crystal_altar, first_bread, hangedman_decor_points,
          fedhas_altar_fruit_tree, uniq_sigmund, uniq_robin
D:4:      minmay_door_path, minmay_temple_entry_trees, gup_sewer_entry_bowl

Skill      XL: |  1  2  3  4 |
---------------+-------------+-----
Throwing       | 2 |  2.6
Long Blades    | 4 |  4.8
Fighting       | 3 |  3.8
Dodging        | 3 |  3.3

Action                   |  1- 3 |  4- 6 || total
-------------------------+-------+-------++-------
Melee: Long sword        |   141 |    50 ||   191
       Unarmed           |       |     2 ||     2
Throw: Throwing net      |       |     1 ||     1
  Use: Potion            |       |     5 ||     5
 Stab: Distracted        |     1 |       ||     1
  Eat: Chunk             |       |     2 ||     2
       Meat ration       |       |     1 ||     1
